 Dungeon Crawl Stone Soup version 0.20.1-1-g8b1a95d (webtiles) character file.

198 Dickchan the Slasher (level 5, -8/47 HPs)
             Began as a Minotaur Berserker on Sept 17, 2017.
             Was a Believer of Trog.
             Splashed by a jelly's acid (9 damage)
             ... on level 2 of the Dungeon.
             The game lasted 00:01:43 (1616 turns).

Dickchan the Slasher (Minotaur Berserker)           Turns: 1616, Time: 00:01:44

Health: -8/47      AC: -8    Str: 23    XL:     5   Next: 47%
Magic:  4/4        EV: 12    Int:  4    God:    Trog [**....]
Gold:   90         SH:  0    Dex:  9    Spells: 4/4 levels left

rFire    . . .     SeeInvis .   a - +0 falchion
rCold    . . .     Gourm    .   (no shield)
rNeg     + . .     Faith    .   r - +1 robe {rN+}
rPois    .         Spirit   .   (helmet restricted)
rElec    .         Reflect  .   (no cloak)
rCorr    .         Harm     .   (no gloves)
MR       .....                  (no boots)
Stlth    +.........             (no amulet)
Regen    0.2/turn               (no ring)
MPRegen  0.1/turn               (no ring)

@: corroded
A: retaliatory headbutt, horns 2
a: Berserk, Trog's Hand, Burn Spellbooks, Renounce Religion


You were on level 2 of the Dungeon.
You worshipped Trog.
Trog was pleased with you.
You were not hungry.

You visited 1 branch of the dungeon, and saw 2 of its levels.

You collected 90 gold pieces.

Inventory:

Hand Weapons
 a - a +0 falchion (weapon)
Armour
 b - a +0 animal skin
 r - a +1 robe of positive energy (worn)
Jewellery
 h - a +4 ring of protection {unknown}
Scrolls
 e - a scroll of remove curse {unknown}
 f - 2 scrolls of identify {unknown}
 i - a scroll of fog {unknown}
 l - a scroll of teleportation {unknown}
 o - a scroll of recharging {unknown}
 p - 3 scrolls of enchant armour {unknown}
 u - 3 scrolls of fear {unknown}
Potions
 j - 3 potions of curing {unknown}
 m - 3 potions of invisibility {unknown}
 n - a potion of agility {unknown}
 q - a potion of heal wounds {unknown}
 s - a potion of ambrosia {unknown}
Comestibles
 c - 3 bread rations
 d - a royal jelly
 g - 2 meat rations
 k - 4 fruits


   Skills:
 + Level 4.7 Fighting
 * Level 5.9 Long Blades
 + Level 4.1 Armour
 - Level 2.1 Dodging


You had 4 spell levels left.
You didn't know any spells.

Dungeon Overview and Level Annotations

Branches:
Dungeon (2/15)

Altars:

Annotations:
D:2 Natasha


Innate Abilities, Weirdness & Mutations

You reflexively headbutt those who attack you in melee.
You have a pair of horns on your head.


Message History

Trog accepts your kill.
You swing at nothing.
You hit the jelly.
Your hands burn!
The jelly is lightly wounded.
The jelly barely misses you.
You hit the jelly but do no damage. The acid corrodes you!
Your hands burn!
You headbutt the jelly!
The jelly is almost dead.
The jelly hits you.
You are splashed with acid!
The acid burns!
* * * LOW HITPOINT WARNING * * *
You barely miss the jelly.
The jelly is almost dead.
The jelly closely misses you.
You hit the jelly but do no damage.
Your hands burn!
* * * LOW HITPOINT WARNING * * *
The jelly is almost dead.
The jelly hits you.
* * * LOW HITPOINT WARNING * * *
The acid corrodes you!
You are splashed with acid!
The acid burns!
You die...

#.# ##†##.# #.# #.##.# #.#
#.##.# #.# #.##.### #.#
########.##.#.. #.#
##########......##..#.#.#
#.####......##....÷.P###.#.#.#
#..##.......#J#÷J÷.÷.# #...#.#
#(.').......#@#JJJ.÷P# ##..#.#
#.)(†.......#.#J.÷..÷# #..#.#
##.'......#'#.#.J....# #..#.#
#.##.....#.#.#..J...# ##>.[.
#####....#.#.#P.P.P.# ###.#
#######.##.....[# #.. ### ###


You could see a jelly.

Vanquished Creatures
  2 jellies (D:2)
  Jessica (D:2)
  2 adders (D:2)
  9 oozes
  A worm (D:2)
  2 leopard geckos
  A ball python (D:2)
  3 bats (D:2)
  3 giant cockroaches
  A goblin (D:1)
  6 hobgoblins
  3 jackals (D:1)
  A frilled lizard (D:1)
  15 kobolds
  3 rats
53 creatures vanquished.

Vanquished Creatures (others)
  5 fungi (D:2)
  8 toadstools (D:2)
13 creatures vanquished.

Grand Total: 66 creatures vanquished

Notes
Turn   | Place    | Note
-------+----------+-------------------------------------------
     0 | D:1      | Dickchan the Minotaur Berserker began the quest for the Orb.
     0 | D:1      | Reached XP level 1. HP: 19/19 MP: 0/0
    63 | D:1      | Reached skill level 4 in Long Blades
    63 | D:1      | Reached XP level 2. HP: 18/27 MP: 1/1
   571 | D:2      | Reached XP level 3. HP: 28/33 MP: 2/2
   775 | D:2      | Noticed Natasha
   792 | D:2      | Noticed Jessica
   801 | D:2      | Killed Jessica
   801 | D:2      | Reached XP level 4. HP: 16/40 MP: 3/3
  1254 | D:2      | Reached skill level 5 in Long Blades
  1266 | D:2      | Reached ** piety under Trog
  1588 | D:2      | Reached XP level 5. HP: 44/47 MP: 4/4
  1616 | D:2      | HP: 1/47 [jelly (2)]
  1616 | D:2      | Splashed by a jelly's acid

Skill      XL: |  1  2  3  4  5 |
---------------+----------------+-----
Long Blades    | 4 5 |  5.9
Fighting       | 4 |  4.7
Armour         | 3 4 |  4.1
Dodging        | |  2.1

Action                   |  1- 3 |  4- 6 || total
-------------------------+-------+-------++-------
Melee: Falchion          |    55 |    60 ||   115
       Headbutt          |     5 |    15 ||    20
 Stab: Sleeping          |       |     1 ||     1
  Eat: Chunk             |       |     2 ||     2
Armor: Animal skin       |     8 |       ||     8
       Robe              |       |     4 ||     4
Dodge: Dodged            |    32 |    33 ||    65
       Rpst.: Falchion   |     3 |     6 ||     9
